 Dungeon Crawl Stone Soup version 0.29.1-2-gbd0b4ee654 (webtiles) character file.

Game seed: 3009029946645223944

9252 Icepheonix32 the Fighter (level 11, 0/107 HPs)
             Began as a Minotaur Fighter on Oct 27, 2022.
             Was a Priest of Dithmenos.
             Killed from afar by an electric eel (14 damage)
             ... with a bolt of electricity
             ... on level 10 of the Dungeon.
             The game lasted 00:13:55 (9148 turns).

Icepheonix32 the Fighter (Minotaur Fighter)         Turns: 9148, Time: 00:13:56

Health: 0/107      AC: 15    Str: 22    XL:     11   Next: 20%
Magic:  3/3        EV: 18    Int:  7    God:    Dithmenos [***...]
Gold:   355        SH:  0    Dex: 23    Spells: 8/10 levels left

rFire   . . .      SeeInvis .   w - +3 battleaxe (antimagic)
rCold   + + .      Faith    .   (shield currently unavailable)
rNeg    + + .      Spirit   .   J - +1 scale mail of Kaoxo {-Cast Rampage rC++ Dex+6}
rPois   +          Reflect  .   b - +1 hat
rElec   .          Harm     .   t - +0 cloak
rCorr   .          Rampage  +   S - +0 pair of gloves
Will    +....      NoCast   +   i - +0 pair of boots
Stlth   +++.......              Z - amulet of the acrobat
HPRegen 0.27/turn               f - ring of Foticici {Drain rPois rN++ Dex+6 Stlth+}
MPRegen 0.08/turn               K - ring of willpower

@: wreathed by umbra, studying Dodging
A: horns 2, retaliatory headbutt
a: Renounce Religion, Shadow Step


You were on level 10 of the Dungeon.
You worshipped Dithmenos.
Dithmenos was most pleased with you.
You visited 2 branches of the dungeon, and saw 11 of its levels.

You collected 762 gold pieces.
You spent 407 gold pieces at shops.

Inventory:

Hand Weapons
 a - a +2 long sword
 w - a +3 antimagic battleaxe (weapon)
 I - a +5 shortbow
 Q - a +1 war axe of freezing
 T - a +3 mace
Missiles
 U - 3 silver boomerangs (quivered)
 V - 8 boomerangs
Armour
 b - a +1 hat (worn)
 c - a +0 buckler
 i - a +0 pair of boots (worn)
 q - an orb of energy
 t - a +0 cloak (worn)
 H - a +0 ring mail
 J - the +1 scale mail of Kaoxo (worn) {-Cast Rampage rC++ Dex+6}
   (You took it off an orc on level 4 of the Dungeon)

   Dex:       It affects your dexterity (+6).
   rC:        It greatly protects you from cold.
   -Cast:     It prevents spellcasting.
   Rampage:   It bestows one free step when moving towards enemies.
 O - the +2 leather armour of Fefy {Harm rElec Str+2}
   (You found it on level 6 of the Dungeon)

   Str:       It affects your strength (+2).
   rElec:     It insulates you from electricity.
   Harm:      It increases damage dealt and taken.
 S - a +0 pair of gloves (worn)
Jewellery
 f - the ring of Foticici (left hand) {Drain rPois rN++ Dex+6 Stlth+}
   (You acquired it on level 9 of the Dungeon)

   [ring of dexterity]

   Dex:       It affects your dexterity (+6).
   rPois:     It protects you from poison.
   rN:        It greatly protects you from negative energy.
   Drain:     It drains your maximum health when unequipped.
   Stlth:     It makes you more stealthy.
 j - an amulet of magic regeneration
 m - an amulet of regeneration
 K - a ring of willpower (right hand)
 R - an amulet of reflection
 Z - an amulet of the acrobat (around neck)
Wands
 y - a wand of roots (12)
 W - a wand of paralysis (4)
Scrolls
 g - 4 scrolls of butterflies {unknown}
 k - 3 scrolls of vulnerability {unknown}
 l - a scroll of summoning {unknown}
 p - 2 scrolls of noise {unknown}
 x - 4 scrolls of teleportation
 A - 5 scrolls of poison {unknown}
 B - a scroll of silence
 C - a scroll of magic mapping
 G - a scroll of brand weapon
 L - 2 scrolls of immolation {unknown}
 N - 2 scrolls of enchant armour
 P - a scroll of fear
 Y - a scroll of blinking
Potions
 d - 5 potions of might
 e - a potion of heal wounds
 h - a potion of berserk rage {unknown}
 n - 3 potions of haste
 o - 2 potions of brilliance
 r - 9 potions of degeneration
 s - 5 potions of mutation
 v - a potion of attraction
 z - 2 potions of ambrosia
 D - 5 potions of curing
 E - a potion of invisibility
 F - a potion of cancellation
 M - 2 potions of resistance
 X - a potion of lignification
Miscellaneous
 u - a phantom mirror


   Skills:
 * Level 13.1 Fighting
 - Level 6.1 Axes
 + Level 10.4 Armour
 * Level 10.4 Dodging
 + Level 2.0 Stealth
 - Level 6.0 Shields
 - Level 1.2 Poison Magic
 * Level 5.0 Evocations


You had 8 spell levels left.
You knew the following spells:

 Your Spells              Type           Power      Damage    Failure   Level
a - Poisonous Vapours     Pois/Air       0%         N/A       77%         2

Your spell library contained the following spells:

 Spells                   Type           Power      Damage    Failure   Level
 Scorch                   Fire           0%         2d5       83%         2
 Static Discharge         Conj/Air       0%         3-3/arc   83%         2
 Dazzling Flash           Conj/Hex       0%         N/A       97%         3
 Anguish                  Hex/Necr       0%         N/A       100%        4
 Corpse Rot               Necr/Pois/Air  0%         N/A       100%        4
 Dispel Undead            Necr           0%         3d6       100%        4
 Flame Wave               Conj/Fire      0%         2d4       100%        4
 Sticky Flame             Conj/Fire      0%         2d3       100%        4
 Agony                    Necr           0%         N/A       100%        5
 Silence                  Hex/Air        0%         N/A       100%        5
 Summon Cactus Giant      Summ           0%         N/A       100%        6
 Enfeeble                 Hex            0%         N/A       100%        7


Dungeon Overview and Level Annotations

Branches:
Dungeon (10/15)            Temple (1/1) D:6            Lair (0/5) D:8
    Orc (0/2) D:9

Altars:
Ashenzari
Cheibriados
Dithmenos
Fedhas
Gozag
Hepliaklqana
Kikubaaqudgha
Makhleb
Nemelex Xobeh
Okawaru
Qazlal
Ru
Sif Muna
Trog
Uskayaw
Vehumet
Wu Jian
Xom
Yredelemnul
Zin
The Shining One

Shops:
D:1 !   D:3 (   D:4 ((:!


Innate Abilities, Weirdness & Mutations

You have a pair of horns on your head.
You reflexively headbutt those who attack you in melee.


Message History

The bolt of electricity hits the plant! x2; The bolt of electricity misses you.
The electric eel shoots out a bolt of lightning at you!
The bolt of electricity hits the plant! x3; The plant begins to die.
The bolt of electricity hits you!
There is an open door here.
A nearby plant withers and dies.
The electric eel shoots out a bolt of lightning at you!
The bolt of electricity hits the plant! x2; The bolt of electricity hits you!
As you close the door, it creaks loudly!
The electric eel shoots out a bolt of lightning at you!
The bolt of electricity hits you. The bolt of electricity misses you.
The bolt of electricity hits the electric eel.
The electric eel completely resists.
You closely miss the electric eel. Your headbutt misses the electric eel.
The electric eel shoots out a bolt of lightning at you!
The bolt of electricity hits you. The bolt of electricity hits you!
The bolt of electricity hits the electric eel.
The electric eel completely resists.
You are too injured to fight recklessly!
You are too injured to fight recklessly!
You are too injured to fight recklessly!
You are too injured to fight recklessly!
You are too injured to fight recklessly!
Cleave: w) +3 battleaxe (antimagic)
Press: ? - help, Dir - move target, f - electric eel
Aim: an electric eel (umbra, about 45% to evade your +3 antimagic battleaxe)
You closely miss the electric eel. You headbutt the electric eel!
The electric eel is severely wounded.
The electric eel shoots out a bolt of lightning at you!
The bolt of electricity hits you!
* * * LOW HITPOINT WARNING * * *
The bolt of electricity hits you!
* * * LOW HITPOINT WARNING * * *
The bolt of electricity hits the electric eel.
The electric eel completely resists.
The electric eel shoots out a bolt of lightning at you!
The bolt of electricity hits you!
* * * LOW HITPOINT WARNING * * *
The bolt of electricity hits you!
You die...

# ♣≈♣P♣♣SPP..###...
##~P≈♣~PPP~♣P.#...+..<
..P≈♣PPPPP~♣P~.###... #.
#~P~~~...P~~~~.# #...
#.##~~≈P~...~P~~~~# #...
#..#PP~P###+#.~♣~~######
.....♣~~##..#.P~P..#
#~~S.#..##~~~PP~#
#P~.@..####~.~~.#
#P.~'######.P~.~#
##..........#####
#..........'.# ###
#..........#.#####..
#.......)..#.....'..
#...|......#######..
#..........# #..
#..........# #..


You could see an electric eel.

Vanquished Creatures
  2 two-headed ogres
  Pikel (D:6)
  A komodo dragon (D:8)
  The ghost of Arctor the Shield-Bearer, an amateur MiFi (D:4)
  A hornet (D:9)
  Prince Ribbit (D:6)
  4 wyverns
  Eustachio (D:6)
  11 yaks
  2 steam dragons
  Edmund (D:6)
  2 water moccasins
  An acid dragon (D:9)
  Duvessa (D:6)
  3 orc warriors
  An ice beast (D:6)
  2 black bears
  2 ogres
  A swamp drake (D:9)
  A sky beast (D:6)
  2 centaurs
  A phantom (D:6)
  A lemure (D:6)
  3 kobold brigands
  2 bullfrogs
  2 gnoll sergeants
  4 scorpions
  4 wights (D:7)
  Dowan (D:6)
  4 killer bees (D:9)
  3 electric eels
  2 jellies
  4 howler monkeys
  7 orc priests
  7 hounds
  An iguana (D:5)
  12 orc wizards
  12 gnolls
  9 adders
  3 white imps
  An ufetubus (D:5)
  A worm (D:3)
  2 dart slugs
  49 orcs
  5 ball pythons
  6 bats
  3 endoplasms
  4 giant cockroaches
  9 goblins
  10 hobgoblins
  3 jackals
  17 kobolds
  4 quokkas
  6 frilled lizards
  7 rats
251 creatures vanquished.

Vanquished Creatures (others)
  13 plants
13 creatures vanquished.

Grand Total: 264 creatures vanquished

Notes
Turn   | Place    | Note
-------+----------+-------------------------------------------
     0 | D:1      | Icepheonix32 the Minotaur Fighter began the quest for the
                  | Orb.
     0 | D:1      | Reached XP level 1. HP: 19/19 MP: 0/0
    64 | D:1      | Reached skill level 4 in Fighting
    64 | D:1      | Reached XP level 2. HP: 21/27 MP: 1/1
   462 | D:1      | Found Naple's Distillery.
   864 | D:2      | Reached XP level 3. HP: 33/33 MP: 2/2
   926 | D:2      | Found a faded altar of an unknown god.
  1373 | D:3      | You fall into a shaft and drop 2 floors!
  1373 | D:5      | Entered Level 5 of the Dungeon
  1418 | D:5      | Noticed a centaur
  1425 | D:5      | Killed a centaur
  1426 | D:5      | Reached skill level 1 in Dodging
  1426 | D:5      | Reached XP level 4. HP: 36/41 MP: 3/3
  1426 | D:5      | Reached XP level 5. HP: 41/47 MP: 4/4
  1519 | D:5      | Reached skill level 5 in Armour
  1545 | D:5      | Reached skill level 5 in Fighting
  1687 | D:5      | Reached XP level 6. HP: 56/56 MP: 5/5
  2174 | D:5      | Reached skill level 5 in Axes
  2224 | D:5      | Found an ancient bone altar of Kikubaaqudgha.
  2274 | D:5      | Noticed a water moccasin
  2290 | D:5      | Killed a water moccasin
  2291 | D:5      | Reached XP level 7. HP: 14/62 MP: 6/6
  2456 | D:4      | Found a runed translucent gate.
  2456 | D:4      | Found a runed translucent gate.
  2456 | D:4      | Identified the +1 scale mail of Kaoxo {-Cast Rampage rC++
                  | Dex+6}
  2457 | D:4      | Found a runed translucent gate.
  2457 | D:4      | Noticed Arctor's ghost (amateur MiFi)
  2640 | D:4      | Found a sparkling altar of Nemelex Xobeh.
  2661 | D:4      | Found Moek's Distillery.
  2679 | D:4      | Bought a potion of curing for 30 gold pieces
  2679 | D:4      | Bought a potion of heal wounds for 50 gold pieces
  2679 | D:4      | Bought a potion of invisibility for 80 gold pieces
  2797 | D:4      | Reached skill level 6 in Fighting
  2842 | D:4      | Found Sami's Weapon Boutique.
  2872 | D:4      | Found a broken altar of Ashenzari.
  2969 | D:4      | Found a bloodstained altar of Trog.
  2988 | D:4      | Found Noddepas's Book Shoppe.
  3089 | D:4      | Found Xioga's Antique Weapon Boutique.
  3181 | D:3      | Found a glowing silver altar of Zin.
  3307 | D:3      | Found Muschanue's Antique Weapon Shop.
  3633 | D:3      | Reached skill level 1 in Evocations
  3760 | D:3      | Found a burning altar of Makhleb.
  3915 | D:4      | Killed Arctor's ghost
  3916 | D:4      | Reached skill level 7 in Fighting
  3916 | D:4      | Reached skill level 5 in Shields
  3916 | D:4      | Reached XP level 8. HP: 21/73 MP: 7/7
  4052 | D:6      | Noticed Edmund
  4058 | D:6      | Killed Edmund
  4081 | D:6      | Found a sacrificial altar of Ru.
  4089 | D:6      | Noticed Prince Ribbit
  4098 | D:6      | Killed Prince Ribbit
  4118 | D:6      | Reached skill level 5 in Dodging
  4191 | D:6      | Reached skill level 8 in Fighting
  4282 | D:6      | Learned a level 2 spell: Poisonous Vapours
  4385 | D:6      | Reached XP level 9. HP: 81/81 MP: 8/8
  4408 | D:6      | Found a staircase to the Ecumenical Temple.
  4451 | D:6      | Noticed Eustachio
  4454 | D:6      | Noticed Pikel
  4477 | D:6      | Killed Pikel
  4478 | D:6      | Reached skill level 1 in Stealth
  4488 | D:6      | Noticed Duvessa
  4495 | D:6      | Killed Eustachio
  4496 | D:6      | Reached skill level 1 in Poison Magic
  4513 | D:6      | Killed Duvessa
  4517 | D:6      | Noticed Dowan
  4531 | D:6      | Killed Dowan
  4532 | D:6      | Reached skill level 9 in Fighting
  4678 | D:6      | Identified the +2 leather armour of Fefy {Harm rElec Str+2}
  4778 | Temple   | Entered the Ecumenical Temple
  5213 | Temple   | Became a worshipper of Dithmenos the Shadowed
  5628 | D:3      | Bought a runed battleaxe for 247 gold pieces
  5733 | D:7      | Reached * piety under Dithmenos
  5774 | D:7      | Reached XP level 10. HP: 90/93 MP: 3/9
  5804 | D:7      | Reached skill level 10 in Fighting
  6631 | D:8      | Found a staircase to the Lair.
  7023 | D:9      | Reached ** piety under Dithmenos
  7026 | D:9      | Reached skill level 11 in Fighting
  7070 | D:9      | Found an ornate altar of the Wu Jian Council.
  7391 | D:9      | Found a staircase to the Orcish Mines.
  7395 | D:9      | Reached skill level 10 in Armour
  7517 | D:9      | Identified a scroll of acquirement
  7517 | D:9      | Acquired the ring of Foticici {Drain rPois rN++ Dex+6
                  | Stlth+}
  7664 | D:9      | Reached skill level 12 in Fighting
  7846 | D:9      | Noticed a two-headed ogre
  7851 | D:9      | Killed a two-headed ogre
  8164 | D:10     | Entered Level 10 of the Dungeon
  8213 | D:10     | Noticed a smoke demon
  8214 | D:10     | Noticed a rust devil
  8214 | D:10     | Reached *** piety under Dithmenos
  8215 | D:10     | Reached skill level 10 in Dodging
  8518 | D:10     | Reached XP level 11. HP: 105/105 MP: 3/10
  8651 | D:10     | Found an iron altar of Okawaru.
  9032 | D:10     | Noticed a two-headed ogre
  9039 | D:10     | Killed a two-headed ogre
  9040 | D:10     | Reached skill level 13 in Fighting
  9040 | D:10     | Reached skill level 5 in Evocations
  9148 | D:10     | Killed from afar by an electric eel

Illustrated notes

Levels and vault maps discovered:
D:1:      dpeg_arrival_orchard, layout_basic, serial_shops,
          nicolae_shop_statue_plus, minmay_pentomino_t4
D:2:      layout_rooms, hellmonk_ecumenical_altar_slurped_away, dk_vineyard_3,
          minmay_surrounded
D:3:      layout_basic, lemuel_tele_altar, amcnicky_altar_gilded, serial_shops,
          shop
D:4:      layout_loops_ring, mainiacjoe_overflow_tiny_flanked,
          cheibrodos_ashenzari_chains, overflow_temple_1_default, serial_shops,
          shop, nicolae_shop_waterfront, shop, shop, biasface_ghost_orc_armoury,
          minmay_misc_feat_tower, hangedman_abyss_or_decor_lesser_grid,
          minmay_manual_mail
D:5:      layout_loops_corners, mainiacjoe_overflow_brackets
D:6:      layout_basic, mainiacjoe_overflow_paths, minmay_temple_entry_ruins,
          serial_glass, glass_columns_b, glass_columns_a, minivault_10,
          kennysheep_donut, uniq_prince_ribbit1, uniq_duvessa, uniq_pikel,
          uniq_edmund, uniq_eustachio
D:7:      layout_cave_pools
D:8:      nicolae_cairo_tiling, layout_basic, david_lair_shrubbed
D:9:      layout_roguey, pdpol_wu_jian_five_deadly_venoms, erik_orc_1
D:10:     layout_roguey, okawaru_gym_becter, kennysheep_mini_moat, serial_bayou,
          serial_bayou_pond_d, serial_bayou_pond_e, serial_bayou_shore_b,
          serial_bayou_lagoon_a, nicolae_stop_n_shop_1
Temple:   minmay_temple_forest_path

Skill      XL: |  1  2  3  4  5  6  7  8  9 10 11 |
---------------+----------------------------------+-----
Fighting       | 4 5 7 8 9 12 13 | 13.1
Shields        | 4 5 6 |  6.0
Armour         | 4 5 6 8 9 10 | 10.4
Axes           | 3 4 5 6 |  6.1
Dodging        | 1 2 3 5 7 10 | 10.4
Evocations     | 1 2 4 5 |  5.0
Stealth        | 1 2 |  2.0
Poison Magic   | 1 |  1.2

Action                   |  1- 3 |  4- 6 |  7- 9 | 10-12 || total
-------------------------+-------+-------+-------+-------++-------
Melee: War axe           |    77 |     6 |     6 |       ||    89
       Headbutt          |    12 |    12 |    69 |    56 ||   149
       Hand axe          |       |    41 |   288 |       ||   329
       Battleaxe         |       |       |     7 |   187 ||   194
Evoke: Wand              |       |       |     2 |       ||     2
  Use: Potion            |       |       |     2 |     1 ||     3
       Scroll            |       |       |       |    15 ||    15
 Stab: Sleeping          |       |       |       |     2 ||     2
Armor: Scale mail        |    54 |    19 |    92 |    80 ||   245
       Ring mail         |       |       |     3 |       ||     3
Dodge: Dodged            |    42 |    16 |   151 |   199 ||   408
Block: Buckler           |    24 |    13 |    64 |       ||   101
